 Dungeon Crawl Stone Soup version 0.17.0 (webtiles) character file.

1365 Eucla the Agent of Entropy (level 8, 0/64 HPs)
             Began as a Demonspawn Abyssal Knight on Nov 11, 2015.
             Was a Priest of Lugonu.
             Killed by a spatial distortion (4 damage)
             ... on level 6 of the Dungeon.
             The game lasted 00:07:42 (6257 turns).

Eucla the Agent of Entropy (DsAK)                   Turns: 6257, Time: 00:07:42

Health: 0/64       AC: 15    Str: 14    XL:     8   Next: 38%
Magic:  13/13      EV: 12    Int: 14    God:    Lugonu [***...]
Gold:   249        SH:  0    Dex: 18    Spells: 0 memorised, 7 levels left

rFire  . . .     SeeInvis .     a - +1 falchion
rCold  . . .     Clarity  .     r - +0 chain mail {rPois}
rNeg   . . .     SustAt   .     (no shield)
rPois  +         Gourm    .     (no helmet)
rElec  .         Spirit   .     u - +0 cloak
rCorr  .         Warding  .     (no gloves)
rMut   .         Stasis   .     h - +0 pair of boots
MR     .....                    (no amulet)
Stlth  +.........               (no ring)
                                t - +5 ring of slaying

@: agile, not resistant to hostile enchantments, very unstealthy
A: claws 1, yellow scales 2, nightstalker 1, powered by pain 1
a: Depart the Abyss, Bend Space, Banish, Renounce Religion


You were on level 6 of the Dungeon.
You worshipped Lugonu.
Lugonu was most pleased with you.
You were not hungry.

You visited 1 branch of the dungeon, and saw 6 of its levels.
You visited the Abyss 1 time.

You collected 249 gold pieces.

Inventory:

Hand Weapons
 a - a +1 falchion (weapon)
Armour
 b - a +0 leather armour
 h - a +0 pair of boots (worn)
 r - a +0 chain mail of poison resistance (worn)
 u - a +0 cloak (worn)
Jewellery
 t - a +5 ring of slaying (left claw)
Wands
 v - a wand of disintegration (15)
 w - a wand of paralysis (10)
 y - a wand of teleportation (6)
Scrolls
 d - 2 scrolls of amnesia {unknown}
 f - 5 scrolls of identify {unknown}
 g - a scroll of remove curse {unknown}
 i - 2 scrolls of blinking {unknown}
 l - 2 scrolls of fear {unknown}
 m - 2 scrolls of magic mapping {unknown}
 o - a scroll of recharging {unknown}
 q - a scroll of holy word {unknown}
Potions
 e - a potion of invisibility
 n - 3 potions of brilliance
 z - a potion of flight {unknown}
Comestibles
 c - 5 bread rations
 j - a meat ration
 p - a royal jelly
 s - a slice of pizza
 x - 2 chunks of flesh


   Skills:
 + Level 5.8 Fighting
 + Level 5.0 Long Blades
 + Level 4.6 Armour
 - Level 2.0 Dodging
 + Level 7.1 Invocations


You had 7 spell levels left.
You didn't know any spells.

Dungeon Overview and Level Annotations

Branches:
Dungeon (6/15)             Temple (0/1) D:4

Altars:
Dithmenos
Makhleb
Okawaru
Xom
Yredelemnul
The Shining One


Innate Abilities, Weirdness & Mutations

You have sharp fingernails.
You are mostly covered in yellow scales (AC +3).
You are slightly more attuned to the shadows.
You sometimes gain a little power by taking damage.


Message History

The ogre is heavily wounded.
The adder barely misses you. The giant gecko misses you.
The adder closely misses you. The ogre hits you but does no damage.
Unknown command.
Drink which item? (? for menu, Esc to quit)
Okay, then.
Okay, then.
Drink which item? (? for menu, Esc to quit)
You feel better. The giant gecko barely misses you.
The adder bites you but does no damage. The giant gecko closely misses you.
Drink which item? (? for menu, Esc to quit)
You feel better. The adder bites you but does no damage.
The ogre hits you with a giant spiked club!
* * * LOW HITPOINT WARNING * * *
You focus on the pain.
You feel more agile all of a sudden. The giant gecko closely misses you.
Unknown command.
Space bends sharply around you!
The ogre blinks!
You blink.
You die...

#..#.......#
##+#####.......####+##
#§§S..................
#Sl...................
#J....................
#O....................
#.....................
#.....................
#....@................
#.....#############+###
#.....# #..... #.....
#..... +.....


You could see an ogre, a jelly, 2 adders and a giant gecko.

Vanquished Creatures
  The ghost of Ark the Covert, a novice KoAs (D:4)
  A phantom (D:5)
  A centaur (D:4)
  An ice beast (D:5)
  3 giant frogs
  A scorpion (D:5)
  2 crimson imps
  2 orc wizards (D:4)
  3 orc priests
  6 worker ants
  9 adders
  3 gnolls (D:2)
  4 oozes
  An adder skeleton (D:4)
  3 worms
  7 giant geckos
  12 orcs
  2 ball pythons
  8 bats
  14 hobgoblins
  7 kobolds
  2 quokkas (D:4)
  5 giant cockroaches
  2 giant newts
  10 goblins
  2 quokka skeletons (D:4)
  8 rats
120 creatures vanquished.

Notes
Turn   | Place    | Note
--------------------------------------------------------------
     0 | Abyss:1  | Eucla the Demonspawn Abyssal Knight began the quest for the Orb.
     0 | Abyss:1  | Reached XP level 1. HP: 18/18 MP: 2/2
   128 | Abyss:1  | Noticed a small abomination
   129 | Abyss:1  | Noticed a large abomination
   131 | D:1      | Escaped the Abyss
   491 | D:1      | Gained mutation: You sometimes gain a little power by taking damage. [demonic ancestry]
   491 | D:1      | Reached XP level 2. HP: 18/24 MP: 3/3
   512 | D:1      | Reached * piety under Lugonu
   624 | D:1      | Reached skill level 1 in Dodging
   966 | D:1      | Gained mutation: You are partially covered in yellow scales (AC +2). [demonic ancestry]
   966 | D:1      | Reached XP level 3. HP: 29/29 MP: 5/5
  1856 | D:2      | Found a glowing golden altar of the Shining One.
  1874 | D:2      | Reached XP level 4. HP: 25/35 MP: 6/6
  1958 | D:2      | Reached ** piety under Lugonu
  2003 | D:2      | Found a shimmering altar of Xom.
  2705 | D:3      | Gained mutation: You are mostly covered in yellow scales (AC +3). [demonic ancestry]
  2705 | D:3      | Reached XP level 5. HP: 21/41 MP: 7/7
  2890 | D:3      | Reached skill level 4 in Invocations
  4172 | D:4      | Gained mutation: You have sharp fingernails. [demonic ancestry]
  4172 | D:4      | Reached XP level 6. HP: 29/48 MP: 9/9
  4179 | D:4      | Reached *** piety under Lugonu
  4498 | D:4      | Found a staircase to the Ecumenical Temple.
  4677 | D:4      | Noticed a centaur
  4682 | D:4      | Killed a centaur
  4682 | D:4      | Reached skill level 5 in Invocations
  4847 | D:4      | Gained mutation: You are slightly more attuned to the shadows. [demonic ancestry]
  4847 | D:4      | Reached XP level 7. HP: 46/55 MP: 9/11
  4870 | D:4      | Noticed Ark's ghost (novice KoAs)
  4900 | D:4      | Killed Ark's ghost
  4900 | D:4      | Reached skill level 6 in Invocations
  4909 | D:4      | Reached skill level 5 in Fighting
  5166 | D:5      | Entered Level 5 of the Dungeon
  5418 | D:5      | Found a basalt altar of Yredelemnul.
  5567 | D:5      | Found a shadowy altar of Dithmenos.
  5585 | D:5      | Reached XP level 8. HP: 56/63 MP: 12/12
  5804 | D:5      | Found an iron altar of Okawaru.
  6169 | D:6      | Reached skill level 7 in Invocations
  6182 | D:6      | Found a burning altar of Makhleb.
  6232 | D:6      | Reached skill level 5 in Long Blades
  6253 | D:6      | HP: 1/64 [ogre/giant spiked club (20)]
  6257 | D:6      | Killed by a spatial distortion

Action                   |  1- 3 |  4- 6 |  7- 9 || total
-------------------------+-------+-------+-------++-------
Melee: Falchion          |   126 |   247 |   130 ||   503
Invok: Depart the Abyss  |     1 |       |       ||     1
  Use: Potion            |       |     1 |     7 ||     8
 Stab: Invisible         |       |     4 |       ||     4
  Eat: Chunk             |     1 |     8 |     5 ||    14
       Bread ration      |     1 |       |       ||     1
